 Dungeon Crawl Stone Soup version 0.28.0 (webtiles) character file.

Game seed: 17990348962087755793

217 PhoneixS the Chiller (level 5, 0/35 HPs)
             Began as a Merfolk Ice Elementalist on Feb 10, 2022.
             Slain by an adder (1 damage)
             ... on level 4 of the Dungeon.
             The game lasted 00:14:13 (2692 turns).

PhoneixS the Chiller (Merfolk Ice Elementalist)     Turns: 2692, Time: 00:14:14

Health: 0/35       AC:  2    Str:  9    XL:     5   Next: 94%
Magic:  0/11       EV: 16    Int: 16    God:
Gold:   54         SH:  0    Dex: 14    Spells: 1/12 levels left

rFire   . . .      SeeInvis .   d - +0 spear
rCold   . . .      Faith    .   (no shield)
rNeg    . . .      Spirit   .   a - +0 robe
rPois   .          Reflect  .   (no helmet)
rElec   .          Harm     .   (no cloak)
rCorr   .          Rampage  .   (no gloves)
Will    .....                   (boots currently unavailable)
Stlth   +++.......              (no amulet)
HPRegen 0.11/turn               (no ring)
MPRegen 0.12/turn               (no ring)

@: lethally poisoned (0 -> -2), invisible, very quick
A: nimble swimmer 2, mertail
a: no special abilities


You were on level 4 of the Dungeon.
You visited 1 branch of the dungeon, and saw 4 of its levels.

You collected 54 gold pieces.

Inventory:

Hand Weapons
 b - a +0 short sword
 d - a +0 spear (weapon)
 g - a +1 falchion of protection
 i - a +0 trident
Missiles
 h - 5 boomerangs (quivered)
Armour
 a - a +0 robe (worn)
Scrolls
 e - a scroll of identify


   Skills:
 + Level 0.3 Short Blades
 + Level 1.0 Polearms
 + Level 3.0 Dodging
 + Level 3.0 Stealth
 + Level 4.0 Spellcasting
 * Level 0.5 Conjurations
 + Level 5.6 Ice Magic


You had one spell level left.
You knew the following spells:

 Your Spells              Type           Power      Damage    Failure   Level
a - Freeze                Ice            84%        1d10      1%          1
b - Frozen Ramparts       Ice            42%        1d6       4%          3
c - Ozocubu's Armour      Ice            21%        N/A       4%          3
d - Hailstorm             Conj/Ice       13%        3d5       43%         4

Your spell library contained the following spells:

 Spells                   Type           Power      Damage    Failure   Level


Dungeon Overview and Level Annotations

Branches:
Dungeon (4/15)
 Temple: D:4-7

Altars:


Innate Abilities, Weirdness & Mutations

You are very nimble when in or above water. (Stealth+, EV+, Speed+++)
Your lower body shifts to a powerful aquatic tail in water.


Message History

You hit the worm.
You kill the worm!
The frozen ramparts melt away.
The worm misses you.
Casting: Frozen Ramparts (dangerous; 4% risk of failure)
Confirm with . or Enter, or press ? or * to list all spells.
Aiming: Freeze (safe; 1% risk of failure)
Press: ? - help, Shift-Dir - straight line, f - worm
Aim: a worm (moderately wounded)
You freeze the worm!
The worm is severely wounded.
You hear the slow rusting of a drain.
You see here a river rat corpse.
Reach: d) +0 spear
Press: ? - help, Dir - move target, f/p - worm
Aim: a worm (severely wounded, about 21% to evade your +0 spear)
You reach to attack!
You hit the worm.
The worm is almost dead.
The adder hisses angrily.
The adder barely misses you.
Reach: d) +0 spear
Press: ? - help, Dir - move target, f/p - worm
Aim: a worm (almost dead, about 21% to evade your +0 spear)
You reach to attack!
You hit the worm.
The worm is almost dead.
The adder bites you.
* * * LOW HITPOINT WARNING * * *
You are lethally poisoned!
The adder poisons you!
You hit the worm. You tail-slap the worm.
You kill the worm!
* * * LOW HITPOINT WARNING * * *
You feel sick. The adder bites you but does no damage.
You see here a river rat corpse.
You aren't carrying any potions.
Unknown command.
Okay, then.
* * * LOW HITPOINT WARNING * * *
You feel sick. The adder bites you.
You die...

###.##...######
#.##.........
#†##..#...... .
#†##....####
..##.†##...##
#............###.
..........≈........
#.#...≈.≈≈≈≈≈..###.
#..≈≈#≈#@####....
#..≈≈≈≈≈≈S††#....
#..########≈# ...
#.. #≈≈≈†≈≈# #.
#≈#≈#### #


You could see an adder.

Vanquished Creatures
  A jelly (D:2)
  An orc priest (D:2)
  6 adders
  2 river rats (D:4)
  5 worms
  A dart slug (D:1)
  3 orcs (D:2)
  2 ball pythons
  7 endoplasms
  2 giant cockroaches (D:1)
  13 goblins
  4 hobgoblins
  3 jackals (D:4)
  5 kobolds
  3 quokkas
  2 bats
  4 frilled lizards
  3 rats
67 creatures vanquished.

Vanquished Creatures (others)
  7 plants (D:1)
7 creatures vanquished.

Grand Total: 74 creatures vanquished

Notes
Turn   | Place    | Note
-------+----------+-------------------------------------------
     0 | D:1      | PhoneixS the Merfolk Ice Elementalist began the quest for
                  | the Orb.
     0 | D:1      | Reached XP level 1. HP: 13/13 MP: 3/3
   145 | D:1      | Reached XP level 2. HP: 19/19 MP: 5/5
   784 | D:1      | Reached XP level 3. HP: 20/24 MP: 2/6
   788 | D:1      | Learned a level 3 spell: Frozen Ramparts
  1514 | D:2      | Learned a level 3 spell: Ozocubu's Armour
  1536 | D:2      | Reached skill level 5 in Ice Magic
  1536 | D:2      | Reached XP level 4. HP: 20/30 MP: 1/8
  1988 | D:2      | Reached XP level 5. HP: 28/35 MP: 3/10
  1993 | D:2      | Learned a level 4 spell: Hailstorm
  2677 | D:4      | Reached skill level 1 in Polearms
  2691 | D:4      | HP: 1/35 [poisoned by an adder]
  2692 | D:4      | Slain by an adder

Illustrated notes

Levels and vault maps discovered:
D:1:      dpeg_arrival_solitude, layout_basic, serial_bayou_lake_a
D:2:      kennysheep_the_goblin_king, layout_basic
D:3:      layout_loops_ring, nicolae_overflow_quartered_altars,
          ebering_ecumenical_altar_sacrificial, serial_shops,
          nicolae_shop_statue_plus, gammafunk_ghost_grave
D:4:      layout_basic, nicolae_overflow_crystal_walls,
          minmay_temple_entry_crystal_x, ebering_ghost_sewer_f,
          lightli_sewer_entry_pipes, minmay_manual_mullet, uniq_duvessa,
          uniq_pikel

Skill      XL: |  1  2  3  4  5 |
---------------+----------------+-----
Spellcasting   | 3 4 |  4.0
Ice Magic      | 5 |  5.6
Polearms       | 1 |  1.0
Dodging        | 3 |  3.0
Stealth        | 3 |  3.0
Short Blades   | |  0.3
Conjurations   | |  0.5

Action                   |  1- 3 |  4- 6 || total
-------------------------+-------+-------++-------
Melee: Short sword       |     8 |       ||     8
       Spear             |    18 |    39 ||    57
       Punch             |       |     1 ||     1
       Tailslap          |       |     1 ||     1
 Cast: Freeze            |    41 |    42 ||    83
       Frozen Ramparts   |       |     6 ||     6
       Ozocubu's Armour  |       |     1 ||     1
  Use: Potion            |       |     2 ||     2
       Scroll            |       |     1 ||     1
 Stab: Sleeping          |     7 |     4 ||    11
       Distracted        |       |     1 ||     1
Armor: Robe              |     6 |     5 ||    11
Dodge: Dodged            |    16 |    39 ||    55
